 Dungeon Crawl Stone Soup version 0.26.0-16-gc1dbca0489 (webtiles) character file.

Game seed: 3373281989347717845

129 DerHolg the Vandal (level 5, -1/35 HPs)
             Began as a Halfling Hunter on Jan 19, 2021.
             Was an Initiate of Dithmenos.
             Slain by a sky beast (6 damage)
             ... on level 2 of the Dungeon.
             The game lasted 00:14:23 (2391 turns).

DerHolg the Vandal (Halfling Hunter)                Turns: 2391, Time: 00:14:24

Health: -1/35      AC:  7    Str: 14    XL:     5   Next: 35%
Magic:  5/5        EV: 14    Int:  9    God:    Dithmenos [......]
Gold:   192        SH:  0    Dex: 15    Spells: 4/4 levels left

rFire    . . .     SeeInvis .   b - +0 short sword
rCold    . . .     Faith    .   (shield restricted)
rNeg     . . .     Spirit   .   n - +0 ring mail
rPois    .         Reflect  .   c - +0 helmet
rElec    .         Harm     .   (no cloak)
rCorr    .         Rampage  .   (no gloves)
Will     .....                  i - +0 pair of boots
Stlth    ++........             (no amulet)
HPRegen  0.11/turn              (no ring)
MPRegen  0.09/turn              (no ring)

@: no status effects
A: small, mutation resistance 1
a: Renounce Religion


You were on level 2 of the Dungeon.
You worshipped Dithmenos.
Dithmenos was noncommittal.
You visited 1 branch of the dungeon, and saw 3 of its levels.

You collected 192 gold pieces.

Inventory:

Hand Weapons
 a - a +1 hunting sling
 b - a +0 short sword (weapon)
 o - a +0 dagger of freezing
Missiles
 d - 20 sling bullets
 h - 50 stones (quivered)
Armour
 c - a +0 helmet (worn)
 i - a +0 pair of boots (worn)
 n - a +0 ring mail (worn)
Jewellery
 m - an uncursed ring of willpower {unknown}
Scrolls
 e - a scroll of enchant armour {unknown}
 f - a scroll of teleportation {unknown}
 k - 4 scrolls of identify {unknown}
 l - a scroll of amnesia {unknown}
Potions
 g - a potion of might {unknown}
 j - a potion of flight {unknown}


   Skills:
 + Level 2.5 Fighting
 + Level 6.6 Slings
 + Level 2.0 Armour
 + Level 3.2 Dodging
 + Level 2.6 Stealth


You had 4 spell levels left.
You didn't know any spells.
Your spell library was empty.

Dungeon Overview and Level Annotations

Branches:
Dungeon (3/15)

Altars:
Dithmenos
Hepliaklqana
Kikubaaqudgha


Innate Abilities, Weirdness & Mutations

You are small and have problems with some larger weapons.
You are somewhat resistant to further mutation.


Message History

Something hits you but does no damage. Something hits you.
* * * LOW HITPOINT WARNING * * *
Something shocks you.
* * * LOW HITPOINT WARNING * * *
There is a stone staircase leading up here.
Something barely misses you.
You climb upwards.
Reactivating autopickup.
There is a stone staircase leading down here.
You start resting.
A sky beast appears from thin air!
The sky beast closely misses you.
Okay, then.
You aren't carrying any items that you can evoke.
You miss the sky beast.
The sky beast is severely wounded.
The sky beast hits you.
* * * LOW HITPOINT WARNING * * *
The sky beast shocks you.
You die...

###.#.........# ##..#.......#
#.#.........# ##.##......# #
##.#...).....# #.##...<..# #
#..#...####'#### #........## ##
#.##..##.......#######....##
.#####.##..#.♣#####♣.# ###......
....##.#####.##...##.####........
###.....# #.#.♣.♣.#.#.........).
####..####.#..@..#.#....####...
##.....#.#.♣Y♣.#.###### ####
#.)#####.##...##.# ####
#.♣##'##♣.# ##.......## #########


You could see a sky beast.

Vanquished Creatures
  A jelly (D:1)
  Jessica (D:2)
  3 adders
  A dart slug (D:2)
  A leopard gecko (D:2)
  9 giant cockroaches
  5 goblins
  3 hobgoblins
  6 bats
  5 frilled lizards
  5 kobolds
  6 rats
46 creatures vanquished.

Notes
Turn   | Place    | Note
-------+----------+-------------------------------------------
     0 | D:1      | DerHolg the Halfling Hunter began the quest for the Orb.
     0 | D:1      | Reached XP level 1. HP: 14/14 MP: 1/1
   283 | D:1      | Reached XP level 2. HP: 19/19 MP: 2/2
   700 | D:1      | Reached skill level 6 in Slings
   810 | D:2      | Noticed Jessica
   879 | D:1      | Reached skill level 1 in Armour
   879 | D:1      | Reached XP level 3. HP: 13/24 MP: 3/3
  1227 | D:2      | Killed Jessica
  1228 | D:2      | Reached XP level 4. HP: 29/29 MP: 4/4
  1581 | D:2      | Reached XP level 5. HP: 35/35 MP: 5/5
  1677 | D:2      | Found an ancient bone altar of Kikubaaqudgha.
  2271 | D:3      | Found a shadowy altar of Dithmenos.
  2285 | D:3      | Noticed a shadow
  2287 | D:3      | Found a hazy altar of Hepliaklqana.
  2295 | D:3      | Became a worshipper of Dithmenos the Shadowed
  2323 | D:3      | Noticed a sky beast
  2391 | D:2      | Slain by a sky beast

Illustrated notes

Levels and vault maps discovered:
D:1:      amcnicky_arrival_flooded_fountain, layout_basic
D:2:      layout_rooms, lemuel_crystal_altar, grunt_ministairs_11,
          minmay_crystal_room, minmay_worlds_worst_comb, uniq_jessica
D:3:      layout_loops_cross, riverfiend_overflow_shadow_ancestor,
          makhleb_altar_promises_db, okawaru_trees_1, uniq_terence

Skill      XL: |  1  2  3  4  5 |
---------------+----------------+-----
Slings         | 6 |  6.6
Fighting       | 2 |  2.5
Armour         | 1 2 |  2.0
Stealth        | 2 |  2.6
Dodging        | 3 |  3.2

Action                   |  1- 3 |  4- 6 || total
-------------------------+-------+-------++-------
Melee: Short sword       |    48 |   116 ||   164
 Fire: Hunting sling     |    30 |    25 ||    55
 Stab: Sleeping          |       |     1 ||     1
Armor: Leather armour    |     3 |       ||     3
       Ring mail         |    15 |    36 ||    51
Dodge: Dodged            |    66 |   109 ||   175
